 Dungeon Crawl Stone Soup version 0.28.0 (webtiles) character file.

Game seed: 9401869977863819483

50 Strat the Ruffian (level 3, -1/36 HPs)
             Began as a Troll Fighter on Feb 10, 2022.
             Killed from afar by a white imp (10 damage)
             ... with a puff of frost
             ... on level 3 of the Dungeon.
             The game lasted 00:02:13 (1385 turns).

Strat the Ruffian (Troll Fighter)                   Turns: 1385, Time: 00:02:14

Health: -1/36      AC:  4    Str: 26    XL:     3   Next: 55%
Magic:  2/2        EV:  8    Int:  4    God:
Gold:   65         SH:  7    Dex:  9    Spells: 2/2 levels left

rFire   . . .      SeeInvis .     - Unarmed
rCold   . . .      Faith    .   b - +0 kite shield
rNeg    . . .      Spirit   .   a - +0 robe
rPois   .          Reflect  .   (helmet restricted)
rElec   .          Harm     .   (no cloak)
rCorr   .          Rampage  .   (gloves unavailable)
Will    .....                   (boots unavailable)
Stlth   +.........              (no amulet)
HPRegen 0.92/turn               (no ring)
MPRegen 0.08/turn               (no ring)

@: no status effects
A: large, unfitting armour, claws 3, regeneration 1, shaggy fur 1, tough skin 1
a: no special abilities


You were on level 3 of the Dungeon.
You visited 1 branch of the dungeon, and saw 3 of its levels.

You collected 65 gold pieces.

Inventory:

Missiles
 e - 53 stones (quivered)
Armour
 a - a +0 robe (worn)
 b - a +0 kite shield (worn)
Jewellery
 f - a ring of willpower
Scrolls
 d - a scroll of acquirement {unknown}
 g - 2 scrolls of fog {unknown}
 h - 3 scrolls of identify {unknown}
 m - a scroll of teleportation {unknown}
Potions
 c - 2 potions of might
 i - a potion of berserk rage {unknown}
 j - a potion of curing {unknown}
 k - a potion of heal wounds {unknown}
 l - 2 potions of mutation {unknown}


   Skills:
 - Level 2.4 Fighting
 - Level 2.4 Dodging
 + Level 2.9 Shields
 * Level 3.4 Unarmed Combat


You had 2 spell levels left.
You didn't know any spells.
Your spell library contained the following spells:

 Spells                   Type           Power      Damage    Failure   Level
 Sublimation of Blood     Necr           0%         N/A       91%         2
 Petrify                  Tmut/Erth      0%         N/A       100%        4
 Irradiate                Conj/Tmut      0%         3d13      100%        5


Dungeon Overview and Level Annotations

Branches:
Dungeon (3/15)

Altars:


Innate Abilities, Weirdness & Mutations

You are too large for most types of armour.
You have claws for hands.
Your natural rate of healing is unusually fast.
You are covered in fur. (AC +1)
You have tough skin. (AC +1)


Message History

* * * LOW HITPOINT WARNING * * *
The goblin hits you but does no damage. The goblin barely misses you.
The white imp shouts, "Crawl home, thou quaking fool-headed beggar!"
The white imp hits you.
* * * LOW HITPOINT WARNING * * *
The white imp freezes you.
* * * LOW HITPOINT WARNING * * *
You closely miss the white imp.
The white imp is severely wounded.
The goblin hits you with a +0 club.
* * * LOW HITPOINT WARNING * * *
The goblin completely misses you. The white imp barely misses you.
You closely miss the white imp.
The white imp is severely wounded.
The goblin barely misses you. The goblin closely misses you.
The white imp barely misses you.
You barely miss the white imp.
The white imp is severely wounded.
You block the goblin's attack. The goblin closely misses you.
The white imp barely misses you.
You closely miss the white imp.
The white imp is severely wounded.
The goblin hits you with a +0 club.
* * * LOW HITPOINT WARNING * * *
The goblin hits you with a +0 club.
* * * LOW HITPOINT WARNING * * *
The white imp hits you.
* * * LOW HITPOINT WARNING * * *
The white imp freezes you.
* * * LOW HITPOINT WARNING * * *
The goblin hits you with a +0 club.
* * * LOW HITPOINT WARNING * * *
The goblin unwields a +0 club.
The goblin wields a +0 hunting sling.
The goblin shoots a stone.
The stone hits you but does no damage.
You claw the goblin!
You kill the goblin!
The goblin shoots a stone.
The stone barely misses you. The white imp gestures at you.
The puff of frost hits you!
You die...

....................#
........g...........# .
.......##....(......#
.................######
...............#...##
.... ##.............##
..... ###)5..........##
......###.g....<......#
.......@)...........<.#
......######..........#
..... #..........# ....
...........# ...
.#........## ##
#........# ..........
.........


You could see a white imp and a goblin.

Vanquished Creatures
  2 adders
  A worm (D:2)
  A dart slug (D:2)
  3 endoplasms
  A giant cockroach (D:1)
  3 hobgoblins
  A quokka (D:2)
  3 ball pythons
  4 bats
  4 frilled lizards
  2 goblins (D:3)
  3 kobolds
  4 rats (D:1)
32 creatures vanquished.

Notes
Turn   | Place    | Note
-------+----------+-------------------------------------------
     0 | D:1      | Strat the Troll Fighter began the quest for the Orb.
     0 | D:1      | Reached XP level 1. HP: 22/22 MP: 0/0
   285 | D:1      | Reached XP level 2. HP: 29/29 MP: 1/1
   526 | D:1      | Found a faded altar of an unknown god.
   940 | D:2      | Reached skill level 3 in Unarmed Combat
  1306 | D:2      | Reached XP level 3. HP: 33/36 MP: 2/2
  1385 | D:3      | Killed from afar by a white imp

Illustrated notes

Levels and vault maps discovered:
D:1:      amcnicky_arrival_gap_in_the_tavern_cellar, layout_loops_corners,
          ebering_ecumenical_altar_box
D:2:      layout_basic, minmay_misc_feat_square
D:3:      layout_rooms

Skill      XL: |  1  2 |
---------------+-------+-----
Unarmed Combat | 3 |  3.4
Fighting       | |  2.4
Dodging        | |  2.4
Shields        | |  2.9

Action                   || total
-------------------------++-------
Melee: Unarmed           ||    90
Armor: Robe              ||    30
Dodge: Dodged            ||    44
Block: Kite shield       ||    25
